 Dungeon Crawl Stone Soup version 0.30.1-11-g7821555f0a (webtiles) character file.

Game seed: 1908389439730856570

37 flappity the Shooter (level 3, -6/22 HPs)
             Began as a Kobold Hexslinger on Dec 18, 2023.
             Was an Initiate of Ashenzari.
             Mangled by Crazy Yiuf
             ... wielding a +3 quarterstaff of chaos
              (11 damage)
             ... on level 2 of the Dungeon.
             The game lasted 00:03:40 (2399 turns).

flappity the Shooter (Kobold Hexslinger)            Turns: 2399, Time: 00:03:41

Health: -6/22      AC:  2    Str:  7    XL:     3   Next: 60%
Magic:  4/4        EV: 15    Int: 14    God:    Ashenzari [......]
Gold:   97         SH:  0    Dex: 17    Spells: 3/4 levels left

rFire   + . .        a - +1 sling "All-seeing Yoke" {Cun, Bglg} (curse)
rCold   + . .        (no shield)
rNeg    . . .        c - +0 robe
rPois   +            (no helmet)
rElec   +            (no cloak)
rCorr   +            (no gloves)
SInv    .            (no boots)
Will    .....        (no amulet)
Stlth   +++          k - ring of flight
HPRegen 0.23/turn    (no ring)
MPRegen 0.09/turn

%: no passive effects
@: resistant, flying
A: small, no large weapons, nightstalker 3
a: Renounce Religion, Shatter the Chains


You were on level 2 of the Dungeon.
You worshipped Ashenzari.
Ashenzari was noncommittal.
You visited 1 branch of the dungeon, and saw 2 of its levels.

You collected 97 gold pieces.


Innate Abilities, Weirdness & Mutations

You are small and have problems with some larger weapons.
You are completely attuned to the shadows.


   Skills:
 * Level 2.6 Fighting
 + Level 3.4 Ranged Weapons
 + Level 3.0(3.3) Dodging
 - Level 1.1 Spellcasting
 - Level 3.0(3.3) Hexes


You had 3 spell levels left.
You knew the following spells:

 Your Spells              Type           Power      Damage    Failure   Level
s - Slow                  Hex            40%        N/A       7%          1

Your spell library contained the following spells:

 Spells                   Type           Power      Damage    Failure   Level
 Freeze                   Ice            0%         1d3       26%         1
 Inner Flame              Hex/Fire       5%         N/A       36%         3
 Portal Projectile        Hex/Tloc       10%        N/A       36%         3
 Frozen Ramparts          Ice            0%         1d1       61%         3
 Hailstorm                Conj/Ice       0%         3d3       61%         3
 Cause Fear               Hex            5%         N/A       54%         4

Inventory:

Hand Weapons
 a - the cursed +1 sling "All-seeing Yoke" (weapon) {Cun, Bglg}

   It has a curse which improves the following skills: Cunning: Dodging and
   Stealth.
   Beguiling: Conjurations, Hexes and Translocations.
 d - a +0 whip
Armour
 c - a +0 robe (worn)
Jewellery
 k - a ring of flight (left hand)
Scrolls
 b - 2 scrolls of poison
 f - 2 scrolls of teleportation {unknown}
 g - a scroll of fog {unknown}
 h - a scroll of blinking
 l - a scroll of identify
Potions
 e - 2 potions of mutation
 i - a potion of curing {unknown}
 j - a potion of cancellation {unknown}


Message History

You shoot a sling bullet.
The sling bullet hits the hobgoblin but does no damage.
You shoot a sling bullet. The sling bullet hits the hobgoblin.
The hobgoblin is lightly wounded.
You shoot a sling bullet.
The sling bullet completely misses the hobgoblin.
The hobgoblin barely misses you.
You shoot a sling bullet. The sling bullet hits the hobgoblin!
You kill the hobgoblin!
No target in view!
You see here 3 stones.
There is an open door here.
You see here 6 stones.
You see here a +0 dagger.
Found a runed translucent door.
You see here a +0 dagger.
You see here 6 stones.
You see here a +0 dagger.
You reach down and open the door.
You shoot a sling bullet. The sling bullet hits Crazy Yiuf!
Crazy Yiuf is heavily wounded.
You shoot a sling bullet.
The sling bullet barely misses Crazy Yiuf.
Crazy Yiuf whimpers, "Action childish chair!"
Crazy Yiuf hits you with a +3 quarterstaff of chaos!
You feel protected.
You take 10 damage.
You are too injured to fight recklessly!
Fire: a) +1 sling "All-seeing Yoke" {Cun, Bglg} (curse)
Press: ? - help, Q - select action Shift-Dir - straight line, f/p - Crazy Yiuf
Aim: Crazy Yiuf, wielding a +3 quarterstaff of chaos and wearing a +0 cloak (heavily wounded, 64% to hit)
You shoot a sling bullet. The sling bullet hits Crazy Yiuf.
Crazy Yiuf is severely wounded.
Crazy Yiuf says, "Orb meccalolo spinner!"
Crazy Yiuf misses you.
Fire: a) +1 sling "All-seeing Yoke" {Cun, Bglg} (curse)
Press: ? - help, Q - select action Shift-Dir - straight line, f/p - Crazy Yiuf
Aim: Crazy Yiuf, wielding a +3 quarterstaff of chaos and wearing a +0 cloak (severely wounded, 64% to hit)
You shoot a sling bullet. The sling bullet hits Crazy Yiuf.
Crazy Yiuf is almost dead.
Crazy Yiuf hits you with a +3 quarterstaff of chaos!
You take 7 damage.
Fire: a) +1 sling "All-seeing Yoke" {Cun, Bglg} (curse)
Press: ? - help, Q - select action Shift-Dir - straight line, f/p - Crazy Yiuf
Aim: Crazy Yiuf, wielding a +3 quarterstaff of chaos and wearing a +0 cloak (almost dead, 64% to hit)
You shoot a sling bullet. The sling bullet hits Crazy Yiuf.
Crazy Yiuf is almost dead.
Crazy Yiuf hits you with a +3 quarterstaff of chaos!
Ouch! That really hurt!
You die...

∙▒▒▒▒▒▒▒▒▒▒▒▒▒∙∙∙▒▒▒▒▒▒∙▒▒∙▒▒▒▒▒▒
∙▒ ▒∙∙∙∙▒ ▒∙∙∙∙∙∙∙∙∙∙∙∙ ∙▒ ▒∙∙∙∙▒
▒▒▒∙▒▒∙▒▒▒▒▒▒ ∙▒ ▒P∙∙∙▒
▒∙∙∙∙∙∙∙∙∙∙∙∙ ∙▒ ▒▒∙P∙▒
▒▒▒∙▒∙∙∙∙∙∙∙∙ ∙▒ ▒▒∙▒▒
▒∙▒∙∙▒∙∙∙∙∙ ∙▒ ▒▒∙▒ ▒∙▒∙∙∙∙∙∙∙∙
∙▒ ▒∙▒▒ ▒∙▒▒∙▒∙∙∙∙∙ ∙▒ ▒▒K▒
▒▒▒∙▒∙∙∙∙∙∙∙∙ (▒▒▒▒▒▒▒▒▒▒ ▒g▒▒
▒∙∙∙▒▒▒▒∙▒∙∙∙ ∙∙∙∙∙∙∙∙∙∙▒ ▒'▒
▒∙∙∙∙∙∙∙∙∙∙∙∙ ▒▒▒▒∙∙∙∙∙∙▒ ∙∙∙
▒▒▒▒▒▒▒▒▒▒∙▒∙ ∙∙∙▒∙▒▒▒▒▒▒ ▒∙∙∙▒
▒∙∙∙∙∙∙∙∙∙∙∙∙ ▒∙∙▒∙∙ ▒)∙∙▒
▒▒▒▒▒▒▒▒▒▒∙∙▒ ▒∙∙∙∙∙∙▒
▒▒▒▒▒▒▒▒▒∙∙∙∙ ▒ @∙∙∙∙▒
▒∙∙∙∙∙∙∙▒∙∙∙▒ ▒▒∙∙∙∙∙▒
▒▒▒▒▒▒▒▒▒▒▒▒▒▒▒▒∙∙∙∙∙∙


You could see Crazy Yiuf.

Vanquished Creatures
  An adder (D:2)
  A dart slug (D:1)
  4 endoplasms (D:2)
  2 giant cockroaches (D:1)
  2 goblins (D:1)
  3 hobgoblins
  3 ball pythons
  2 bats (D:1)
  A frilled lizard (D:2)
  2 kobolds (D:1)
  4 rats
25 creatures vanquished.

Notes
Turn   | Place    | Note
-------+----------+-------------------------------------------
     0 | D:1      | flappity the Kobold Hexslinger began the quest for the Orb.
     0 | D:1      | Reached XP level 1. HP: 12/12 MP: 2/2
   228 | D:1      | Reached XP level 2. HP: 16/16 MP: 3/3
   278 | D:1      | Reached skill level 3 in Ranged Weapons
   418 | D:1      | Reached skill level 2 in Fighting
   652 | D:1      | Found a faded altar of an unknown god.
  1141 | D:2      | Noticed Sigmund
  1402 | D:2      | Reached XP level 3. HP: 17/21 MP: 4/4
  1524 | D:2      | Found a white marble altar of Elyvilon.
  1745 | D:1      | Prayed at the altar of an unknown god.
  1745 | D:1      | Became a worshipper of Ashenzari the Shackled
  2077 | D:2      | Reached skill level 3 in Dodging
  2321 | D:2      | Found a runed translucent door.
  2324 | D:2      | Noticed Crazy Yiuf
  2398 | D:2      | HP: 5/22 [Crazy Yiuf/+3 quarterstaff of chaos (8)]
  2399 | D:2      | Mangled by Crazy Yiuf

Levels and vault maps discovered:
D:1:      dpeg_arrival_shrine, layout_basic, ebering_ecumenical_altar_abandoned,
          nicolae_titane
D:2:      layout_basic, basic_altar, uniq_crazy_yiuf_cottage, uniq_sigmund

Action                     || total
---------------------------++-------
   Fire: Sling             ||    69
 Invoke: Curse Item        ||     1
    Use: Scroll            ||     3
 Armour: Robe              ||     1
  Dodge: Dodged            ||    19
